[Event "SixDays Budapest March IM 2023"]
[Site "Budapest"]
[Date "2023.03.28"]
[Round "8.2"]
[White "Balogh, Peter"]
[Black "Gandhi, Anish"]
[Result "1-0"]
[ECO "B94"]
[WhiteElo "2264"]
[BlackElo "2187"]
[Annotator "TA"]
[PlyCount "53"]
[EventDate "2023.03.24"]
[EventType "tourn"]
[EventCountry "HUN"]
[SourceTitle "playchess.com"]
[Source "ChessBase"]
[SourceQuality "1"]
[TimeControl "5400+30"]

1. e4 c5 2. Nf3 d6 3. d4 cxd4 4. Nxd4 Nf6 5. Nc3 a6 6. Bg5 Nbd7 7. Bc4 Qb6 {[%emt 0:00:32] B94: Sicilian Najdorf: 6 Bg5 Nbd7.} 8. Bb3 e6 $1 9. Qd2 Nc5 {[%emt 0:00:42] The position is equal.} 10. f3 Be7 11. O-O-O Qc7 12. Kb1 O-O 13. g4 b5 14. h4 b4 15. Nce2 (15. Na4 $1 $14) 15... Rb8 16. Bxf6 (16. Nf4 $11) 16... Bxf6 $15 17. g5 Be7 (17... Be5 $15) 18. h5 a5 {[%emt 0:03:42] Strongly threatening ...a4.} 19. g6 {[%emt 0:00:35] [#] And now h6 would win.} h6 $146 {[%emt 0:03:07] ...a4 is the strong threat.} ({Predecessor:} 19... Bf6 20. Qe3 a4 21. gxf7+ Rxf7 22. Bc4 Bd7 23. f4 Nxe4 24. Bxe6 Bxe6 25. Nxe6 Qc4 {0-1 Nikolakis,P (1900)-Nikolaidis,K (2181) Thessaloniki op 1st 2022 (6)}) 20. Rdg1 (20. Qe3 $11) 20... f6 $2 {[%emt 0:05:54][%mdl 8192] [#] This costs Black the game.} (20... a4 $17 21. Bc4 Nxe4 {[%mdl 64] Discovered Attack} 22. fxe4 Qxc4) 21. Nf5 $1 $18 {[%emt 0:04:35][%cal Of5h6] Threatening mate with Nxh6+!} Rd8 {[%emt 0:17:29] [#]} 22. Nxh6+ $1 gxh6 (22... Kf8 23. Nf7) 23. g7 Nxb3 24. Qxh6 {[%emt 0:02:06] White wants to mate with Qh8+.} Nd2+ 25. Ka1 {[%emt 0:01:26] White mates.} Ba6 {[%emt 0:09:57] [#]} 26. Qg6 $1 Nxe4 (26... Qc4 27. h6) 27. h6 {[%emt 0:01:07] Beautiful play by Balogh!   Weighted Error Value: White=0.21 (precise) /Black=0.48} 1-0

[Event "SixDays Budapest March IM 2023"]
[Site "Budapest"]
[Date "2023.03.28"]
[Round "8.3"]
[White "To, Nhat Minh"]
[Black "Ulasevich, Sergei"]
[Result "1-0"]
[ECO "B62"]
[WhiteElo "2342"]
[BlackElo "2236"]
[Annotator "TA"]
[PlyCount "79"]
[EventDate "2023.03.24"]
[EventType "tourn"]
[EventCountry "HUN"]
[SourceTitle "playchess.com"]
[Source "ChessBase"]
[SourceQuality "1"]
[TimeControl "5400+30"]

1. e4 c5 2. Nf3 d6 3. d4 cxd4 4. Nxd4 Nf6 5. Nc3 Nc6 6. Bg5 e6 7. Qd3 Be7 {[%emt 0:03:08] Recently 7...Bd7 got a lot of attention. B62: Sicilian: Richter-Rauzer: 6...e6: Unusual White 7th moves.} 8. Bxf6 (8. O-O-O $11) 8... gxf6 {[%emt 0:01:21] Black is weak on the light squares} ({Black should play} 8... Bxf6 $15 9. Ndb5 O-O) 9. O-O-O a6 {[%emt 0:00:40] [#] Prevents Ndb5. White is slightly better.} 10. Nb3 $146 ({Predecessor:} 10. f4 Bd7 11. Kb1 Qb6 12. Nf3 O-O-O 13. a3 Kb8 14. Nd2 Qc7 15. Nc4 b5 16. Ne3 {½-½ Karacsonyi,K (2147)-Harikrishnan,A (2396) Novi Sad Serbia op-A 2022 (1)}) 10... b5 11. Qg3 Bf8 (11... b4 $11 12. Nb1 Kf8) 12. Kb1 Bd7 13. Ne2 {[%emt 0:01:32] White has more active pieces. The black rooks are badly placed.} Qb6 14. Nf4 O-O-O 15. Nh5 Be7 16. Qf4 Ne5 17. Be2 (17. Nd4 $5 ) 17... Ng6 18. Qd2 Bc6 19. Bd3 d5 20. Qe2 Rd7 21. f4 Rhd8 (21... dxe4 {keeps more tension.} 22. Bxe4 Rxd1+ 23. Rxd1 Bxe4 24. Qxe4 f5) 22. e5 fxe5 23. fxe5 a5 (23... Qc7 $11 {deserves consideration.}) 24. Rhf1 $16 a4 {[%emt 0:00:15] [#]} ({Black should try} 24... Rf8 $14) 25. Nd4 $1 a3 $2 (25... Qxd4 $16 {is a better defense.} 26. Bxg6 {[%mdl 64] Discovered Attack} Qc4) 26. Nxc6 $18 (26. Nxb5 $2 Rb7 27. b3 (27. Bxg6 $2 hxg6 28. Nd6+ Bxd6 $19) 27... Bxb5 $19) 26... Qxc6 27. Bxb5 Qc5 28. Rf3 {[%emt 0:18:11] And now Rc3 would win.} ({Resist} 28. Rxf7 $6 Rc7 29. Rf3 (29. Rxh7 Rf8 $14) 29... Rf8 $18) 28... Rc7 29. Rxa3 {[%emt 0:05:58] Hoping for Rc3.} ({Worse is} 29. bxa3 Nxe5 30. Rb3 Nc4 31. Ba6+ Kd7 32. Bb5+ Kc8 33. Ba6+ Kd7 34. Bb5+ Kc8 $11) 29... Nxe5 30. Rb3 Nc4 31. Rf1 (31. Ba6+ $18 Kd7 32. Nf4) 31... Rd6 $16 32. a4 ({Not} 32. Rxf7 Qg1+ 33. Rf1 Qxf1+ 34. Qxf1 Nd2+ 35. Kc1 Nxf1 36. Bxf1 Bg5+ 37. Kd1 Rf7 $17) 32... f5 (32... Bg5 $16 {is a better chance.}) 33. Ng7 $18 e5 (33... Qd4 $142 34. Nxe6 Qe4 35. Qxe4 dxe4) 34. Nxf5 Rg6 35. Bxc4 dxc4 36. Rb5 {[%emt 0:00:06][%mdl 64] Skewer, Deflection} Qc6 37. Qxe5 {[%emt 0:03:10] White mates.} Bd8 38. Rd1 Bf6 {[%emt 0:02:31] [#]} 39. Ne7+ $1 Bxe7 40. Qh8+ {[%emt 0:00:02] A cool game by To.   Weighted Error Value: White=0.18 (very precise) /Black=0.53} 1-0

[Event "SixDays Budapest March IM 2023"]
[Site "Budapest"]
[Date "2023.03.28"]
[Round "8.4"]
[White "Horvath, David"]
[Black "Udvardi, Zalan"]
[Result "1/2-1/2"]
[ECO "A46"]
[WhiteElo "2380"]
[BlackElo "2260"]
[Annotator "TA"]
[PlyCount "51"]
[EventDate "2023.03.24"]
[EventType "tourn"]
[EventCountry "HUN"]
[SourceTitle "playchess.com"]
[Source "ChessBase"]
[SourceQuality "1"]
[TimeControl "5400+30"]

1. d4 Nf6 2. Nf3 d5 3. c4 e6 4. cxd5 exd5 5. Nc3 c6 6. Qc2 g6 7. Bg5 Be7 8. e3 Bf5 9. Bd3 Bxd3 10. Qxd3 Nbd7 11. O-O O-O 12. Rab1 {[%emt 0:03:27] The position is equal.} Re8 {[%emt 0:00:44] D36: Queen's Gambit Declined: Exchange Variation: Main line (5 Bg5 c6 6 Qc2).} 13. b4 b5 14. a4 {[%emt 0:21:51] [#] An uneventful encounter.   Weighted Error Value: White=0.00 (flawless) /Black=0.07 (flawless)} {Predecessor:} a6 $146 15. a5 Ne4 16. Bxe7 Qxe7 17. Rfc1 Nd6 18. Ne2 Nc4 19. Nd2 Rad8 20. Qc3 Qg5 21. Nxc4 dxc4 22. Ng3 Nf6 23. Re1 Nd5 24. Qc2 Qe7 25. Qd2 f5 26. Qb2 {½-½ Caicedo Anguila,J (1591)-Palacios Gordillo,C (1583) Pan American-ch U20 Girls 2022 (9)} 1/2-1/2

[Event "SixDays Budapest March IM 2023"]
[Site "Budapest"]
[Date "2023.03.28"]
[Round "8.5"]
[White "Neszmenyi, Zoltan"]
[Black "Szeberenyi, Adam"]
[Result "0-1"]
[ECO "D85"]
[WhiteElo "1885"]
[BlackElo "2338"]
[Annotator "TA"]
[PlyCount "48"]
[EventDate "2023.03.24"]
[EventType "tourn"]
[EventCountry "HUN"]
[SourceTitle "playchess.com"]
[Source "ChessBase"]
[SourceQuality "1"]
[TimeControl "5400+30"]

1. c4 Nf6 2. Nf3 g6 3. d4 Bg7 4. Nc3 d5 5. cxd5 Nxd5 6. e4 Nxc3 7. bxc3 c5 8. Rb1 {[%emt 0:00:10] 8.h3 is the modern continuation.} O-O $1 9. Bc4 {[%emt 0:05:56] D85: Exchange Grünfeld: Unusual White 7th moves and lines with 7 Nf3.} Nc6 10. Be3 Bg4 11. e5 (11. Rxb7 $2 Na5 12. Bd5 e6 $19) (11. Bd5 $11 {keeps the balance.}) 11... Qc7 {[%emt 0:11:18] ...cxd4 is the strong threat.} 12. Be2 ({Much weaker is} 12. dxc5 Nxe5 13. Be2 Nxf3+ 14. Bxf3 Bxc3+ 15. Kf1 Rad8 $17) 12... Rfd8 13. Qa4 {[%emt 0:07:14] [#]} Qd7 $146 ({Predecessor:} 13... Rac8 14. O-O Bd7 15. Qa3 cxd4 16. cxd4 e6 17. Rfc1 Bf8 18. Qb2 Qa5 19. Bd2 Qa3 20. Qxa3 Bxa3 {½-½ Pang,Y-Hatibie,T (1619) Hong Kong-ch qual 2013 (1)}) 14. Bb5 {[%emt 0:05:47] Loses the game.} (14. dxc5 $15 Bxf3 15. Bxf3) 14... Qf5 $19 15. Nd2 (15. O-O $17 {is a better defense.} Bxf3 16. gxf3) 15... cxd4 16. cxd4 {[%emt 0:03:52] [#]} Nxd4 17. Bxd4 {[%emt 0:05:07] [#]} a6 $1 18. Bf1 (18. Be3 axb5 19. Qb4) 18... b5 (18... Bh6 $142 {( -> ...Bxd2+)} 19. f3 Bxd2+ 20. Kxd2 Qxb1) 19. Qb4 Bxe5 20. Bxe5 {[%emt 0:05:08] And now Bd4 would win.} Qxe5+ 21. Qe4 Qc3 22. Qb4 {[%emt 0:04:26] [#]} Qc2 23. Nf3 (23. f3 $142 Rxd2 {[%mdl 64] Remove Defender, Deflection} 24. Qxd2 Qxb1+ 25. Qd1) 23... Bxf3 ({Inferior is} 23... Qxa2 24. Be2 $17) 24. gxf3 a5 {[%emt 0:00:04] Weighted Error Value: White=1.04/Black=0.40} ({Stronger than} 24... Qxa2 25. Bh3 $15) 0-1

[Event "SixDays Budapest March IM 2023"]
[Site "Budapest"]
[Date "2023.03.29"]
[Round "9.1"]
[White "Szeberenyi, Adam"]
[Black "Pham, Tran Gia Phuc"]
[Result "1-0"]
[ECO "A39"]
[WhiteElo "2338"]
[BlackElo "2238"]
[Annotator "TA"]
[PlyCount "105"]
[EventDate "2023.03.24"]
[EventType "tourn"]
[EventCountry "HUN"]
[SourceTitle "playchess.com"]
[Source "ChessBase"]
[SourceQuality "1"]
[TimeControl "5400+30"]

1. Nf3 Nf6 2. g3 c5 3. Bg2 Nc6 4. O-O g6 5. c4 Bg7 6. Nc3 O-O 7. d4 d6 8. dxc5 dxc5 9. Be3 Qa5 10. Qa4 Qxa4 11. Nxa4 b6 12. Rad1 Ba6 {E65: King's Indian: Fianchetto: 6...c5 7 0-0 without d5 by White.} 13. b3 $1 Rad8 14. Bf4 {[#]} Nh5 $146 {The position is equal.} ({Predecessor:} 14... Nb4 15. Ne5 Nh5 16. a3 Nxf4 17. gxf4 Bxe5 18. fxe5 Nc2 19. Nc3 Bc8 20. Nd5 Rd7 {0-1 Salimi,K (1792)-Eemen,S (1942) IRI-ch U14 Chess.com INT 2021 (5)}) 15. Bc1 Nb4 16. Bg5 (16. g4 $5 Nf6 17. Ne5 $11) 16... Nf6 (16... Rfe8 $11) 17. Ne5 $1 $14 h6 18. a3 Nc2 $1 {And now ...Rxd1 would win.} (18... hxg5 19. axb4 cxb4 20. Nc6 $16) 19. Bxf6 Bxf6 20. Nd7 Rfe8 (20... Nd4 $1 $11 21. Nxf8 Rxf8) 21. Nxf6+ $1 $16 exf6 22. e3 {Prevents Nd4} Nxa3 {[#]} 23. Nc3 $1 {Black must now prevent Ra1.} Nxc4 24. bxc4 Bxc4 25. Rxd8 Rxd8 26. Ra1 Rd7 {[#]} (26... Rd3 $142 27. Rc1 Bb3) 27. Bf1 $1 Bb3 28. Bb5 Rc7 29. Ra6 Kf8 30. Kf1 Be6 31. Ke1 c4 (31... f5 $16 32. Be2 Bd7) 32. Kd2 $18 Bc8 33. Ra4 Be6 34. e4 a5 35. Ke3 Rc8 36. f3 f5 37. exf5 gxf5 38. Ra2 Ke7 39. Rd2 Rc5 (39... h5 $142 40. Ba4 Rb8) 40. Rb2 Kd6 41. Kd4 {Hoping for Be8.} f6 $2 (41... Ke7 42. Na4 {[%mdl 64] Deflection} (42. Ba4 Rc8 $18) 42... Rd5+ 43. Kxc4 Kd6) 42. Be8 Kc7 {[#]} (42... Ke7 $142 43. Rxb6 Rc8) 43. Rxb6 $3 {[%mdl 576] Decoy} Re5 44. Rb5 Re1 45. Rb1 Rxb1 46. Nxb1 Kb6 47. f4 a4 48. Bxa4 {White mates.} Ka5 49. Bc6 Kb4 50. Nc3 Kb3 51. Bd5 Bxd5 52. Nxd5 h5 53. h4 {Weighted Error Value: White=0.14 (very precise) /Black=0.44} 1-0

[Event "SixDays Budapest March IM 2023"]
[Site "Budapest"]
[Date "2023.03.29"]
[Round "9.2"]
[White "Udvardi, Zalan"]
[Black "Neszmenyi, Zoltan"]
[Result "1-0"]
[ECO "C50"]
[WhiteElo "2260"]
[BlackElo "1885"]
[Annotator "TA"]
[PlyCount "25"]
[EventDate "2023.03.24"]
[EventType "tourn"]
[EventCountry "HUN"]
[SourceTitle "playchess.com"]
[Source "ChessBase"]
[SourceQuality "1"]
[TimeControl "5400+30"]

1. e4 e5 2. Nf3 Nc6 3. Bc4 Bc5 4. d3 Nf6 5. O-O d6 6. c3 a5 {[%emt 0:00:09] C54: Giuoco Piano: 4 c3 Nf6, main lines with 5 d4 and 5 d3.} 7. Re1 h6 8. d4 {[%emt 0:04:40] [#]} exd4 $146 (8... Ba7 $11 {keeps the balance.}) ({Predecessor:} 8... Ba7 9. Na3 O-O 10. Nb5 Bb6 11. Bd3 Re8 12. h3 Bd7 13. d5 Ne7 14. Be3 Bxe3 15. Rxe3 {0-1 Eugene,F (2397)-Tin,J (2561) Antwerp World Uni op 2022 (7)}) 9. cxd4 $16 Bb4 10. Re2 {[%emt 0:11:17] Hoping for a3.} Ne7 $2 (10... a4 $16 {was called for.}) 11. a3 $18 {[%emt 0:01:21][%mdl 64] [#] Trapped Piece. White has a decisive advantage.} d5 12. e5 ({Weaker is} 12. Bxd5 Nexd5 13. Qa4+ (13. exd5+ Be7 $14) (13. axb4 Nxb4 14. Bd2 Bg4 $16) 13... Bd7 14. exd5+ {[%mdl 64] Discovered Attack} Be7 $14) (12. exd5 Bd6 $16) 12... Nd7 13. Bd3 {[%emt 0:00:20] White took control after the opening.   Weighted Error Value: White=0.06 (flawless) /Black=0.43} 1-0

[Event "SixDays Budapest March IM 2023"]
[Site "Budapest"]
[Date "2023.03.29"]
[Round "9.3"]
[White "Ulasevich, Sergei"]
[Black "Horvath, David"]
[Result "1/2-1/2"]
[ECO "C00"]
[WhiteElo "2236"]
[BlackElo "2380"]
[Annotator "TA"]
[PlyCount "45"]
[EventDate "2023.03.24"]
[EventType "tourn"]
[EventCountry "HUN"]
[SourceTitle "playchess.com"]
[Source "ChessBase"]
[SourceQuality "1"]
[TimeControl "5400+30"]

1. e4 e6 2. d4 d5 3. Bd3 c5 4. exd5 Qxd5 5. Nc3 Qxd4 (5... Qd8 $14) 6. Nb5 $1 $16 {[%emt 0:00:14] C01: French: Exchange Variation.} Qd8 7. Bf4 {[%emt 0:00:05][%mdl 1024] And now Nc7+ would win. White has strong compensation.} Na6 {[%emt 0:00:20] [#] Prevents Nc7+} 8. Qe2 $1 {[%emt 0:07:30] aiming for 0-0-0. White is better.} Qa5+ (8... Nf6 $142) 9. c3 {[%emt 0:02:13] White is much more active.} Nf6 10. Nf3 Be7 {[%emt 0:05:40] [#]} 11. Bd6 $146 (11. a4 $16) ({Predecessor:} 11. Nd6+ Bxd6 12. Bxd6 Nc7 13. Nd2 Ncd5 14. O-O Qd8 15. Bxc5 Nf4 16. Bb5+ Bd7 17. Qc4 Bxb5 18. Qxb5+ {1-0 Exler,V (1954)-Englisch,D (2070) Vienna op-A 15th 2006 (6)}) 11... Bxd6 (11... Bd7 $14) 12. Nxd6+ $18 Ke7 {[%emt 0:00:08] [#]} 13. Ne5 $1 c4 14. Ndxc4 ({And not} 14. Ndxf7 cxd3 15. Qxd3 Rf8 16. Qd6+ Ke8 $19) (14. Bc2 $18 {has better winning chances.}) 14... Qc7 $16 15. O-O ({Better is} 15. O-O-O) 15... Nc5 16. Bc2 (16. Rfd1 $16) 16... b6 $1 $14 17. Qf3 Ba6 18. Rad1 {[%emt 0:06:36] Nc6+ would be deadly.} Bxc4 19. Nxc4 Rad8 20. h3 Rxd1 {[%emt 0:09:45] The position is equal.} 21. Rxd1 Rd8 22. Rxd8 Kxd8 23. Qe3 {[%emt 0:07:06] Weighted Error Value: White=0.28 (precise) /Black=0.17 (very precise)} 1/2-1/2

[Event "SixDays Budapest March IM 2023"]
[Site "Budapest"]
[Date "2023.03.29"]
[Round "9.5"]
[White "Halak, Miklos"]
[Black "Balogh, Peter"]
[Result "1-0"]
[ECO "B06"]
[WhiteElo "2257"]
[BlackElo "2264"]
[Annotator "TA"]
[PlyCount "67"]
[EventDate "2023.03.24"]
[EventType "tourn"]
[EventCountry "HUN"]
[SourceTitle "playchess.com"]
[Source "ChessBase"]
[SourceQuality "1"]
[TimeControl "5400+30"]

1. d4 g6 2. e4 Bg7 3. Nf3 d6 4. Nc3 a6 5. a4 Bg4 6. Be2 {[%emt 0:01:04] B06: Modern Defence.} Nd7 7. O-O c5 {[%emt 0:00:56] [#]} 8. d5 $1 {[%emt 0:00:42] White is better.} Bxf3 9. Bxf3 h5 10. Be2 Qc7 {[%emt 0:02:01] [#]} 11. a5 $146 ({Predecessor:} 11. Be3 Ngf6 12. f3 Bh6 13. Bxh6 Rxh6 14. Qd2 Rh8 15. f4 O-O-O 16. Rae1 Qa5 17. Bf3 Nb6 18. Qd3 Nfd7 19. e5 c4 20. Qd4 Nc5 21. exd6 exd6 22. Re7 {½-½ Szymanski,M (2362)-Dabek,R (2404) POL-chT2 South 2001}) 11... Nh6 12. Be3 Ng4 13. Bxg4 hxg4 14. Qxg4 O-O-O 15. Rfb1 {[%emt 0:03:28] White is more active.} Kb8 16. Na4 Rh5 {[%emt 0:07:23] [#]} 17. Nb6 Ne5 ({Better is} 17... Nxb6 $14 18. axb6 Qxb6) 18. Qe2 Rdh8 19. Bf4 g5 20. Bg3 {[%emt 0:00:33] b4 is the strong threat.} Ng6 (20... e6 $16) 21. Ra3 {[%emt 0:06:08] Black is weak on the light squares} ({White should try} 21. h3 $18) 21... Be5 (21... Bd4 $16 {keeps fighting.} 22. h3 Nf4) 22. h3 $18 Nf4 23. Qg4 f5 $2 {[%emt 0:10:14] Loses the game.} (23... f6 $16 {was called for.} 24. Nd7+ Ka7 25. Nxe5 fxe5) 24. exf5 ({Less strong is} 24. Qxf5 Ne2+ 25. Kh1 Bxg3 $18) 24... c4 $2 (24... Ka7 25. Ra4 Qb8) 25. Bxf4 Bxf4 26. Qe2 Rh4 27. Rc3 ({Weaker is} 27. g3 Rxh3 28. Qe4 (28. gxf4 Rh1+ 29. Kg2 Rxb1 $11) 28... Be5 $16) 27... e5 (27... Be5 $142 28. Rxc4 Rxc4 29. Nxc4 Bf6) 28. fxe6 g4 29. Qxc4 Bh2+ 30. Kf1 Qd8 31. e7 Qxe7 {[%emt 0:00:11] [#]} 32. Qc8+ $3 Rxc8 (32... Ka7 33. Rc7) 33. Rxc8+ Ka7 34. Ra8# {Magnificent play by Halak!   Weighted Error Value: White=0.37/Black=0.80} 1-0